 Dungeon Sprint DCSS version 0.21.1-1-g345015f (webtiles) character file.

465 Fang the Fighter (level 6, -4/87 HPs)
             Began as a Demonspawn Berserker on Apr 18, 2018.
             Was a Believer of Trog.
             Slain by a cyclops (21 damage)
             ... in the Dungeon (Sprint V: "Ziggurat Sprint").
             The game lasted 00:00:50 (141 turns).

Fang the Fighter (Demonspawn Berserker)              Turns: 141, Time: 00:00:51

Health: -4/87      AC: 17    Str: 30    XL:     6   Next: 80%
Magic:  6/6        EV:  6    Int:  8    God:    Trog [**....]
Gold:   0          SH: 17    Dex: 13    Spells: 5/5 levels left

rFire    . . .     SeeInvis .   m - +5 demon trident
rCold    . . .     Gourm    .   k - +3 large shield
rNeg     . . .     Faith    .   j - +5 shadow dragon scales
rPois    .         Spirit   .   (helmet unavailable)
rElec    .         Reflect  .   (no cloak)
rCorr    .         Harm     .   (no gloves)
MR       .....     NoTele   +   (no boots)
Stlth    ..........             (no amulet)
HPRegen  0.24/turn              G - ring of flight
MPRegen  0.10/turn              F - +6 ring of strength

@: berserking (expiring), lethally poisoned (-4 -> -8), very quick
A: horns 3, nightstalker 1
a: Berserk, Trog's Hand, Burn Spellbooks, Renounce Religion, Evoke Flight


You were in the Dungeon.
You worshipped Trog.
Trog was pleased with you.
You were not hungry.

You visited 1 branch

Inventory:

Hand Weapons
 l - a +5 executioner's axe
 m - a +5 demon trident (weapon)
Armour
 j - +5 shadow dragon scales (worn)
 k - a +3 large shield (worn)
Jewellery
 F - a +6 ring of strength (right hand)
 G - a ring of flight (left hand)
Wands
 x - a wand of disintegration (7)
 y - a wand of iceblast (7)
 z - a wand of acid (7)
Scrolls
 i - 4 scrolls of blinking
 n - 7 scrolls of fog
 o - 5 scrolls of identify
 p - 5 scrolls of remove curse
 q - 2 scrolls of fear
Potions
 d - 10 potions of curing
 e - 10 potions of heal wounds
 f - 6 potions of haste
 g - 7 potions of magic
 h - 3 potions of berserk rage
 r - 2 potions of brilliance
 s - 2 potions of invisibility
 t - 4 potions of resistance
 u - a potion of experience
 v - 5 potions of agility
 w - 5 potions of might
Comestibles
 a - 3 chunks of flesh
 c - 7 rations


   Skills:
 + Level 9.2 Fighting
 + Level 8.4(8.7) Axes
 + Level 3.1(6.2) Polearms
 + Level 4.8 Armour
 + Level 4.7 Dodging
 + Level 1.0 Shields


You had 5 spell levels left.
You didn't know any spells.

Dungeon Overview and Level Annotations

Branches:
Dungeon (1/1)

Altars:
Ashenzari
Cheibriados
Dithmenos
Elyvilon
Fedhas
Gozag
Hepliaklqana
Kikubaaqudgha
Makhleb
Nemelex Xobeh
Okawaru
Qazlal
Ru
Sif Muna
Trog
Uskayaw
Vehumet
Wu Jian
Xom
Yredelemnul
Zin
The Shining One
Beogh
Jiyva
Lugonu

Annotations:
D 1 transporter


Innate Abilities, Weirdness & Mutations

You have a pair of large horns on your head.
You are slightly more attuned to the shadows.


Message History

Your experience leads to an increase in your attributes!
Your base attributes are Str 18, Int 8, Dex 13.
Increase (S)trength, (I)ntelligence, or (D)exterity?
You feel stronger.
You feel sick. You block the cyclops's attack.
Something hits you but does no damage.
You feel sick.
Things that are here:
a falchion; a ring mail Unknown command.
You puncture something! Something hits you but does no damage.
You block the cyclops's attack.
You barely miss something. Your headbutt misses something.
You feel sick. Something hits you but does no damage.
You block the cyclops's attack.
Unknown command.
You closely miss something. You headbutt something.
You feel sick. You block something's attack.
Unknown command.
You puncture something! You headbutt something. The cyclops hits you!!
You die...

▓▓▓▓▓▓▓▓▓▓▓▓▓
▓.8©8.▓.8©8.▓
▓.")=.▓.....▓
▓.....▓.}.).▓
▓.....▓.....▓
▓.C@{.▓.....▓
▓.....▓..©..▓
▓..©..▓▓▓▓▓▓▓
▓▓▓▓▓▓▓


You could see a cyclops.

Vanquished Creatures
  A vault sentinel (D)
  2 wolves (D)
3 creatures vanquished.

Vanquished Creatures (others)
  3 spatial maelstroms (D)
3 creatures vanquished.

Grand Total: 6 creatures vanquished

Notes
Turn   | Place    | Note
-------+----------+-------------------------------------------
     0 | D        | Found the +6 Majin-Bo {vamp, Archmagi MP+6 Int+6}
     0 | D        | Found the +7 great mace "Firestarter" {inner flame, rF++}
     0 | D        | Fang the Demonspawn Berserker began the quest for the Orb.
     0 | D        | Reached XP level 1. HP: 18/18 MP: 1/1
     0 | D        | Banished a spatial maelstrom
     3 | D        | Found a blossoming altar of Fedhas.
     5 | D        | Found a viscous altar of Jiyva.
     5 | D        | Found a hazy altar of Hepliaklqana.
     5 | D        | Found a transporter.
     5 | D        | Found an opulent altar of Gozag.
     5 | D        | Found an ancient bone altar of Kikubaaqudgha.
     5 | D        | Found a corrupted altar of Lugonu.
     6 | D        | Banished a spatial maelstrom
    11 | D        | Found a burning altar of Makhleb.
    12 | D        | Found a stormy altar of Qazlal.
    12 | D        | Found a sacrificial altar of Ru.
    12 | D        | Found an iron altar of Okawaru.
    12 | D        | Found a deep blue altar of Sif Muna.
    12 | D        | Found a sparkling altar of Nemelex Xobeh.
    12 | D        | Found a bloodstained altar of Trog.
    22 | D        | Banished a spatial maelstrom
    79 | D        | Entered arena 2.
    79 | D        | Noticed a wolf
    79 | D        | Noticed a wolf
    79 | D        | Found a transporter.
    81 | D        | Killed a wolf
    81 | D        | Reached skill level 5 in Fighting
    81 | D        | Reached skill level 5 in Axes
    81 | D        | Gained mutation: You have a pair of small horns on your head. [demonic ancestry]
    81 | D        | Reached XP level 2. HP: 28/28 MP: 2/2
    81 | D        | Gained mutation: You have a pair of horns on your head. [demonic ancestry]
    81 | D        | Reached XP level 3. HP: 34/34 MP: 3/3
    81 | D        | Gained mutation: You are slightly more attuned to the shadows. [demonic ancestry]
    81 | D        | Reached XP level 4. HP: 40/40 MP: 4/4
    87 | D        | Killed a wolf
    87 | D        | Reached skill level 7 in Fighting
    87 | D        | Gained mutation: You have a pair of large horns on your head. [demonic ancestry]
    87 | D        | Reached XP level 5. HP: 48/48 MP: 5/5
   127 | D        | Entered arena 3.
   127 | D        | Noticed a vault sentinel
   127 | D        | Noticed a cyclops
   127 | D        | Noticed an ogre mage
   127 | D        | Found a transporter.
   136 | D        | Killed a vault sentinel
   136 | D        | Reached ** piety under Trog
   136 | D        | Reached skill level 9 in Fighting
   136 | D        | Reached skill level 1 in Shields
   136 | D        | Reached XP level 6. HP: 19/58 MP: 6/6
   141 | D        | Slain by a cyclops

Skill      XL: |  1  2  3  4  5 |
---------------+----------------+-----
Fighting       | 5 7 9 |  9.2
Axes           | 5 6 8 |  8.4
Armour         | 3 4 |  4.8
Dodging        | 3 4 |  4.7
Polearms       | 3 |  3.1
Shields        | 1 |  1.0

Action                   |  1- 3 |  4- 6 || total
-------------------------+-------+-------++-------
Melee: Demon trident     |     1 |    17 ||    18
       Headbutt          |       |     4 ||     4
Invok: Berserk           |     1 |     1 ||     2
Armor: Shadow dragon sca |       |     7 ||     7
Dodge: Dodged            |       |     1 ||     1
Block: Large shield      |       |    11 ||    11
